 Dungeon Crawl Stone Soup version 0.29-a0-321-gf1c400731a (webtiles) character file.

Game seed: 2077181808048300451

1752 Dabor the Transmogrifier (level 9, -9/66 HPs)
             Began as a Gnoll Wanderer on Apr 5, 2022.
             Was an Elder of Lugonu.
             Mangled by an ogre
             ... wielding a +0 giant club
              (47 damage)
             ... on level 6 of the Dungeon.
             The game lasted 00:14:27 (7400 turns).

Dabor the Transmogrifier (Gnoll Wanderer)           Turns: 7400, Time: 00:14:28

Health: -9/66      AC:  9    Str: 10 (11) XL:     9   Next: 6%
Magic:  15/21      EV: 13    Int: 15 (16) God:    Lugonu [****..]
Gold:   180        SH:  0    Dex: 12      Spells: 15/24 levels left

rFire   . . .      SeeInvis .   B - +5 quarterstaff (chaos)
rCold   . . .      Faith    .   (shield currently unavailable)
rNeg    . . .      Spirit   .   D - +2 robe {Archmagi}
rPois   +          Reflect  .   i - +1 helmet
rElec   .          Harm     .   A - +2 cloak {Will+}
rCorr   .          Rampage  .   y - -1 pair of gloves of Refuge {Str+2 Slay+3}
Will    +....      Archmagi +   (no boots)
Stlth   ++........              (no amulet)
HPRegen 0.21/turn               r - ring of poison resistance
MPRegen 0.17/turn               (no ring)

@: wereblooded, unable to read
A: fangs 1, strong nose, distributed training, hooves 1, dopey 1, mutation
resistance 1, inability to read while threatened
a: Renounce Religion, Depart the Abyss, Bend Space, Banish, Corrupt


You were on level 6 of the Dungeon.
You worshipped Lugonu.
Lugonu was greatly pleased with you.
You visited 1 branch of the dungeon, and saw 6 of its levels.

You collected 180 gold pieces.

Inventory:

Hand Weapons
 m - a +0 dagger
 B - a +5 quarterstaff of chaos (weapon)
Missiles
 n - 10 poisoned darts
 o - a throwing net
 q - 3 datura-tipped darts
 u - 3 curare-tipped darts
 v - 2 atropa-tipped darts
Armour
 a - a +1 pair of gloves
 g - an orb of energy
 i - a +1 helmet (worn)
 y - the -1 pair of gloves of Refuge (worn) {Str+2 Slay+3}
   (You found it on level 3 of the Dungeon)

   Str:       It affects your strength (+2).
   Slay:      It affects your accuracy & damage with ranged weapons and melee
   (+3).
 A - a +2 cloak of willpower (worn)
 D - a +2 robe of the Archmagi (worn)
Jewellery
 r - a ring of poison resistance (left hand)
Wands
 j - a wand of charming (13)
 C - a wand of paralysis (9)
Scrolls
 b - a scroll of fog
 c - 2 scrolls of magic mapping
 d - a scroll of identify
 h - 2 scrolls of teleportation
 w - a scroll of vulnerability
Potions
 e - 3 potions of curing
 f - a potion of invisibility
 k - a potion of brilliance {unknown}
 l - a potion of attraction {unknown}
 p - a potion of flight {unknown}
 s - a potion of resistance {unknown}
 t - a potion of lignification {unknown}


   Skills:
 + Level 4.7 Fighting
 + Level 3.8 Short Blades
 + Level 3.8 Long Blades
 + Level 3.8 Axes
 + Level 3.8 Maces & Flails
 + Level 3.8 Polearms
 + Level 3.8 Staves
 + Level 3.8 Slings
 + Level 3.8 Bows
 + Level 3.8 Crossbows
 + Level 3.8 Throwing
 + Level 3.8 Armour
 + Level 4.7 Dodging
 + Level 3.8 Stealth
 + Level 3.8 Shields
 + Level 3.8 Unarmed Combat
 + Level 8.2 Spellcasting
 + Level 3.1 Conjurations
 + Level 3.1 Hexes
 + Level 3.1 Summonings
 + Level 3.1 Necromancy
 + Level 3.1 Translocations
 + Level 9.4 Transmutations
 + Level 3.1 Fire Magic
 + Level 3.1 Ice Magic
 + Level 3.1 Air Magic
 + Level 3.1 Earth Magic
 + Level 3.1 Poison Magic
 + Level 4.2 Invocations
 + Level 3.8 Evocations


You had 15 spell levels left.
You knew the following spells:

 Your Spells              Type           Power      Damage    Failure   Level
a - Sting                 Tmut/Pois      100%       1d8       1%          1
b - Wereblood             Tmut           51%        N/A       1%          2
c - Spider Form           Tmut/Pois      37%        N/A       2%          3
d - Confusing Touch       Hex            23%        N/A       10%         3

Your spell library contained the following spells:

 Spells                   Type           Power      Damage    Failure   Level
 Slow                     Hex            92%        N/A       3%          1
 Sublimation of Blood     Necr           23%        N/A       4%          2
 Petrify                  Tmut/Erth      37%        N/A       9%          4
 Vampiric Draining        Necr           23%        2d7       10%         3
 Summon Hydra             Summ           11%        N/A       100%        7


Dungeon Overview and Level Annotations

Branches:
Dungeon (6/15)
 Temple: D:4-7

Altars:
Dithmenos
Hepliaklqana
Makhleb
Qazlal
Lugonu

Shops:
D:5 :   D:6 *

Annotations:
D:4 3 runed translucent doors, Bnni's ghost, novice FoAK


Innate Abilities, Weirdness & Mutations

You have very sharp teeth.
Your uncanny sense of smell can sniff out nearby items.
Your experience applies equally to all skills.
You have large cloven feet.
You are dopey. (Int -2)
You are somewhat resistant to further mutation.
You sometimes lose the ability to read scrolls when taking damage.


Message History

The hound is moderately wounded.
An orc comes into view. It is wielding a +0 whip.
The orc shouts!
You hit the hound. You burn the hound. Your kick misses the hound.
The hound is heavily wounded.
The hound completely misses you. The hound closely misses you.
You closely miss the hound. Your bite misses the hound.
The hound is severely wounded.
The hound barely misses you.
Casting: Sting (safe; 1% risk of failure)
Confirm with . or Enter, or press ? or * to list all spells.
Okay, then.
Unknown command.
Casting: Sting (safe; 1% risk of failure)
Confirm with . or Enter, or press ? or * to list all spells.
You feel a surge of power!
Your hands begin to glow red.
You howl as the wereblood boils in your veins!
The hound bites you but does no damage. The hound misses you.
You feel a surge of power!
The sting hits the hound but does no damage.
The hound looks even sicker.
The hound is severely wounded.
The hound barely misses you.
You hit the ogre but do no damage. The hound bites you.
The hound closely misses you.
The ogre hits you with a +0 giant club!!
You hit the ogre but do no damage.
The ogre appears confused.
Your kick misses the ogre. The hound bites you but does no damage.
The hound bites you. The ogre barely misses you.
You catch the helpless ogre completely off-guard!
You hit the ogre. Your kick misses the ogre.
The ogre is moderately wounded.
The hound barely misses you.
You thump the ogre!
The ogre seems to grow stronger.
The ogre is almost dead.
The hound closely misses you.
The ogre hits you with a +0 giant club!!!
You feel threatened and lose the ability to read scrolls!
Ouch! That really hurt!
You die...

#######
#########.....###
........!.......
......O.......#
.....oh@......#
.#######......####
#..#....[∩#######
#................
#..####.#..#####.
#..# #.#..# #.
#..# #.#..# #.
#... .....# #.
#!.# ...... #.


You could see an ogre (strong, confused), a hound (very poisoned) and an orc.

Vanquished Creatures
  Grinder (D:3)
  Sigmund (D:4)
  A water moccasin (D:5)
  An ogre (D:4)
  A centaur (D:6)
  A phantom (D:6)
  A kobold brigand (D:4)
  A bullfrog (D:6)
  2 scorpions (D:5)
  A necrophage (D:5)
  6 hounds
  A jelly (D:4)
  Crazy Yiuf (D:3)
  An orc priest (D:5)
  Jessica (D:3)
  Natasha (twice) (D:4)
  Terence (D:3)
  4 iguanas
  2 orc wizards
  3 adders
  A white imp (D:6)
  6 worms
  2 dart slugs
  6 orcs
  6 bats
  10 endoplasms
  2 giant cockroaches
  14 goblins
  9 hobgoblins
  11 jackals
  9 kobolds
  5 quokkas
  6 ball pythons
  11 frilled lizards
  3 rats
134 creatures vanquished.

Vanquished Creatures (collateral kills)
  A jelly (D:4)
  An orc (D:4)
  A hobgoblin (D:4)
  A ball python (D:4)
  A kobold (D:4)
5 creatures vanquished.

Vanquished Creatures (others)
  A wraith (D:6)
  6 plants (D:4)
7 creatures vanquished.

Grand Total: 146 creatures vanquished

Notes
Turn   | Place    | Note
-------+----------+-------------------------------------------
     0 | D:1      | Dabor the Gnoll Wanderer began the quest for the Orb.
     0 | D:1      | Dabor set off with the following items: a +0 dagger, a
                  | scroll of fog, a potion of berserk rage, a +0 robe, a
                  | potion of curing; and the following spell memorised: Sting;
                  | and the following spells available to memorise: Spider
                  | Form, Petrify
     0 | D:1      | Reached XP level 1. HP: 17/17 MP: 8/8
   296 | D:1      | Reached XP level 2. HP: 23/23 MP: 6/10
   546 | D:1      | Found a faded altar of an unknown god.
   781 | D:1      | Prayed at the altar of an unknown god.
   781 | D:1      | Became a worshipper of Lugonu the Unformed
   781 | D:1      | Reached * piety under Lugonu
   781 | D:1      | Reached ** piety under Lugonu
   785 | D:1      | Learned a level 2 spell: Wereblood
  1609 | D:2      | Reached XP level 3. HP: 28/28 MP: 3/11
  1917 | D:2      | Reached skill level 1 in Invocations
  2149 | D:2      | Reached *** piety under Lugonu
  2150 | D:2      | Reached skill level 1 in Short Blades
  2150 | D:2      | Reached skill level 1 in Long Blades
  2150 | D:2      | Reached skill level 1 in Axes
  2150 | D:2      | Reached skill level 1 in Maces & Flails
  2150 | D:2      | Reached skill level 1 in Polearms
  2150 | D:2      | Reached skill level 1 in Staves
  2150 | D:2      | Reached skill level 1 in Slings
  2150 | D:2      | Reached skill level 1 in Bows
  2150 | D:2      | Reached skill level 1 in Crossbows
  2150 | D:2      | Reached skill level 1 in Throwing
  2150 | D:2      | Reached skill level 1 in Armour
  2150 | D:2      | Reached skill level 1 in Stealth
  2150 | D:2      | Reached skill level 1 in Shields
  2150 | D:2      | Reached skill level 1 in Unarmed Combat
  2150 | D:2      | Reached skill level 1 in Evocations
  2481 | D:2      | Reached XP level 4. HP: 10/34 MP: 7/13
  2964 | D:3      | Noticed Jessica
  2969 | D:3      | Killed Jessica
  2970 | D:3      | Reached skill level 1 in Conjurations
  2970 | D:3      | Reached skill level 1 in Hexes
  2970 | D:3      | Reached skill level 1 in Summonings
  2970 | D:3      | Reached skill level 1 in Necromancy
  2970 | D:3      | Reached skill level 1 in Translocations
  2970 | D:3      | Reached skill level 1 in Fire Magic
  2970 | D:3      | Reached skill level 1 in Ice Magic
  2970 | D:3      | Reached skill level 1 in Air Magic
  2970 | D:3      | Reached skill level 1 in Earth Magic
  2970 | D:3      | Reached skill level 1 in Poison Magic
  3433 | D:3      | Noticed Grinder
  3441 | D:3      | Killed Grinder
  3442 | D:3      | Reached XP level 5. HP: 41/41 MP: 11/14
  3442 | D:3      | Reached XP level 6. HP: 47/47 MP: 12/16
  3533 | D:3      | Found a burning altar of Makhleb.
  3774 | D:3      | Noticed Terence
  3784 | D:3      | Killed Terence
  4107 | D:3      | Found a runed translucent door.
  4108 | D:3      | Noticed Crazy Yiuf
  4243 | D:3      | Identified the -1 pair of gloves of Refuge {Str+2 Slay+3}
  4378 | D:3      | Found a hazy altar of Hepliaklqana.
  4481 | D:3      | Learned a level 3 spell: Spider Form
  4750 | D:3      | Killed Crazy Yiuf
  4909 | D:4      | Noticed Bnni's ghost (novice FoAK)
  4909 | D:4      | Noticed a steam dragon
  4922 | D:4      | Reached skill level 9 in Transmutations
  4922 | D:4      | Reached XP level 7. HP: 37/52 MP: 18/18
  5020 | D:4      | Found a runed translucent gate.
  5020 | D:4      | Found a runed translucent gate.
  5021 | D:4      | Found a runed translucent gate.
  5080 | D:4      | Found a stormy altar of Qazlal.
  5101 | D:4      | Learned a level 3 spell: Confusing Touch
  5161 | D:4      | Noticed Sigmund
  5169 | D:4      | Killed Sigmund
  5289 | D:4      | Noticed Natasha
  5303 | D:4      | Killed Natasha
  5348 | D:4      | Found a shadowy altar of Dithmenos.
  5519 | D:4      | Reached **** piety under Lugonu
  5599 | D:4      | Reached XP level 8. HP: 56/60 MP: 14/19
  5662 | D:4      | Noticed Natasha
  5677 | D:4      | Killed Natasha
  5770 | D:4      | Gained mutation: You sometimes lose the ability to read
                  | scrolls when taking damage. [potion of mutation]
  5770 | D:4      | Gained mutation: You are dopey. (Int -2) [potion of
                  | mutation]
  5770 | D:4      | Gained mutation: You have large cloven feet. [potion of
                  | mutation]
  5770 | D:4      | Gained mutation: You are somewhat resistant to further
                  | mutation. [potion of mutation]
  5982 | D:5      | Entered Level 5 of the Dungeon
  6421 | D:5      | Found Qoyf's Book Emporium.
  7013 | D:6      | Noticed a wraith
  7038 | D:6      | Reached XP level 9. HP: 25/66 MP: 21/21
  7369 | D:6      | Found Vaguucle's Mayhem Merchandise.
  7400 | D:6      | Mangled by an ogre

Illustrated notes

Levels and vault maps discovered:
D:1:      nicolae_arrival_somewhat_less_tricky_arrival, layout_loops_corners,
          shapermc_ecumenical_altar_pompeii
D:2:      layout_basic
D:3:      kennysheep_six_static_rooms, layout_basic,
          mainiacjoe_overflow_alcove_1, lemuel_doored_altar, uniq_jessica,
          uniq_crazy_yiuf_cottage, uniq_grinder, uniq_terence
D:4:      minmay_octagon_keep, layout_rooms, nicolae_dithmenos_the_darkroom,
          general_overflow_altar, gammafunk_ghost_split, minmay_lizard_king,
          uniq_sigmund, uniq_natasha
D:5:      layout_cave_pools, serial_shops, shop
D:6:      layout_loops_ring, minmay_temple_entry_waves,
          chequers_serial_rivers_micro_a, minmay_shop_mayhem, st_stairs_5

Skill      XL: |  1  2  3  4  5  6  7  8 |
---------------+-------------------------+-----
Invocations    | 1 2 3 4 |  4.2
Short Blades   | 1 2 3 |  3.8
Long Blades    | 1 2 3 |  3.8
Axes           | 1 2 3 |  3.8
Maces & Flails | 1 2 3 |  3.8
Polearms       | 1 2 3 |  3.8
Staves         | 1 2 3 |  3.8
Slings         | 1 2 3 |  3.8
Bows           | 1 2 3 |  3.8
Crossbows      | 1 2 3 |  3.8
Throwing       | 1 2 3 |  3.8
Armour         | 1 2 3 |  3.8
Stealth        | 1 2 3 |  3.8
Shields        | 1 2 3 |  3.8
Unarmed Combat | 1 2 3 |  3.8
Evocations     | 1 2 3 |  3.8
Conjurations   | 1 2 3 |  3.1
Hexes          | 1 2 3 |  3.1
Summonings     | 1 2 3 |  3.1
Necromancy     | 1 2 3 |  3.1
Translocations | 1 2 3 |  3.1
Fire Magic     | 1 2 3 |  3.1
Ice Magic      | 1 2 3 |  3.1
Air Magic      | 1 2 3 |  3.1
Earth Magic    | 1 2 3 |  3.1
Poison Magic   | 1 2 3 |  3.1
Fighting       | 3 4 |  4.7
Dodging        | 3 4 |  4.7
Transmutations | 9 |  9.4
Spellcasting   | 8 |  8.2

Action                   |  1- 3 |  4- 6 |  7- 9 || total
-------------------------+-------+-------+-------++-------
Melee: Dagger            |    28 |    19 |       ||    47
       Bite              |     7 |     3 |     4 ||    14
       Quarterstaff      |       |     5 |    85 ||    90
       Unarmed           |       |     5 |    14 ||    19
       Kick              |       |       |    11 ||    11
Throw: Dart              |       |     1 |    11 ||    12
 Cast: Sting             |    78 |    77 |    66 ||   221
       Wereblood         |     1 |     2 |    10 ||    13
       Spider Form       |       |     1 |     1 ||     2
       Confusing Touch   |       |       |     2 ||     2
Evoke: Wand              |       |       |     2 ||     2
  Use: Scroll            |     3 |     1 |     9 ||    13
       Potion            |       |     1 |     5 ||     6
 Stab: Sleeping          |       |       |     1 ||     1
       Confused          |       |       |     1 ||     1
Armor: Robe              |    12 |    10 |    46 ||    68
       Skin              |       |       |     1 ||     1
Dodge: Dodged            |    32 |    26 |   116 ||   174

Table legend: (Time is in decaauts)
 A = Elapsed time spent in this place.
 B = Non-inter-level travel time spent in this place.
 C = Inter-level travel time spent in this place.
 D = Time resting spent in this place.
 E = Time spent auto-exploring this place.
 F = Levels seen in this place.
 G = Mean time per level.
                   A        B        C        D        E       F      G
               +--------+--------+--------+--------+--------+-----+--------+
         Total |   7421 |   6963 |    458 |    967 |   4928 |   6 | 1236.8 |
       Dungeon |   7421 |   6963 |    458 |    967 |   4928 |   6 | 1236.8 |
               +--------+--------+--------+--------+--------+-----+--------+

Top non-repeatable levels by time:
     D:3: 1988 daAuts
     D:1: 1684 daAuts
     D:4: 1234 daAuts
     D:2: 1219 daAuts
     D:5: 1072 daAuts
     D:6: 222 daAuts
